 Dungeon Crawl Stone Soup version 0.20-a0-472-g5c05303 (webtiles) character file.

6768 nikopol the Fighter (level 11, -3/103 HPs)
             Began as a Gargoyle Berserker on Jan 14, 2017.
             Was a High Priest of Trog.
             Slain by a 12-headed hydra (4 damage)
             ... on level 1 of the Lair of Beasts.
             The game lasted 00:26:57 (10201 turns).

nikopol the Fighter (Gargoyle Berserker)           Turns: 10201, Time: 00:26:58

Health: -3/103     AC: 20    Str: 25    XL:     11   Next: 4%
Magic:  11/11      EV: 11    Int:  9    God:    Trog [*****.]
Gold:   411        SH:  0    Dex: 12    Spells: 10/10 levels left

rFire  . . .     SeeInvis .     a - +2 broad axe (elec)
rCold  . . .     Gourm    .     k - +0 chain mail
rNeg   + . .     Faith    .     (no shield)
rPois  ∞         Spirit   .     (no helmet)
rElec  +         Reflect  .     y - +1 cloak
rCorr  .         Harm     .     (no gloves)
MR     .....                    (no boots)
Stlth  ..........               (no amulet)
                                (no ring)
                                (no ring)

@: berserking, very quick
A: negative energy resistance 1, electricity resistance, unbreathing,
petrification resistance, rot immunity, AC +7
a: Berserk, Trog's Hand, Brothers in Arms, Burn Spellbooks, Renounce Religion


You were on level 1 of the Lair of Beasts.
You worshipped Trog.
Trog was extremely pleased with you.
You were hungry.

You visited 2 branches of the dungeon, and saw 9 of its levels.
You also visited: Ossuary.

You collected 411 gold pieces.

Inventory:

Hand Weapons
 a - a +2 broad axe of electrocution (weapon)
 t - a +0 hand axe
 z - a +0 shortbow
 N - a +2 battleaxe of freezing
Missiles
 e - 99 arrows (quivered)
Armour
 b - a +0 animal skin
 k - a +0 chain mail (worn)
 y - a +1 cloak (worn)
Jewellery
 p - an uncursed ring of protection from cold {unknown}
 L - an uncursed ring of stealth {unknown}
Wands
 m - a wand of digging (11/24)
Scrolls
 d - 3 scrolls of enchant armour
 r - 6 scrolls of identify
 s - 2 scrolls of immolation
 u - 3 scrolls of remove curse
 v - 4 scrolls of recharging {unknown}
 x - a scroll of fog {unknown}
 A - 3 scrolls of magic mapping {unknown}
 C - a scroll of blinking {unknown}
 D - 2 scrolls of enchant weapon {unknown}
 K - 2 scrolls of fear
 M - 2 scrolls of teleportation {unknown}
 Q - a scroll of silence {unknown}
Potions
 f - a potion of degeneration
 g - a potion of mutation {unknown}
 h - a potion of flight {unknown}
 i - a potion of resistance {unknown}
 j - 5 potions of brilliance {unknown}
 n - a potion of heal wounds {unknown}
 q - 5 potions of agility {unknown}
 w - 3 potions of lignification {unknown}
 B - 5 potions of curing
 E - a potion of berserk rage {unknown}
 F - a potion of cure mutation {unknown}
 H - a potion of beneficial mutation {unknown}
 I - 2 potions of magic {unknown}
 J - a potion of might {unknown}
Books
 G - a book of Misfortune

   Spells                             Type                      Level
   a - Confusing Touch                Hexes                        1
   b - Confuse                        Hexes                        3
   c - Gell's Gravitas                Hexes/Translocation          3
   d - Petrify                        Transmutation/Earth          4
   e - Metabolic Englaciation         Hexes/Ice                    5
   f - Yara's Violent Unravelling     Hexes/Transmutation          5
   Trog disapproves of the use of such an item.
Comestibles
 c - 7 bread rations
 l - 3 meat rations
 o - 4 fruits
 O - a chunk of flesh
 P - a beef jerky


   Skills:
 + Level 8.6 Fighting
 * Level 8.5 Axes
 * Level 6.4 Bows
 + Level 8.2 Armour
 + Level 6.2 Dodging


You had 10 spell levels left.
You didn't know any spells.

Dungeon Overview and Level Annotations

Branches:
Dungeon (8/15)             Temple (0/1) D:5            Lair (1/6) D:8

Altars:
Ashenzari
Cheibriados
Dithmenos
Makhleb
Okawaru
Sif Muna
Trog
Yredelemnul

Shops:
D:4 *   D:8 :


Innate Abilities, Weirdness & Mutations

You are resistant to torment.
Your stone body is resilient. (AC +7)
You are immune to poison.
You resist negative energy. (rN+)
You are resistant to electric shocks. (rElec)
You can survive without breathing.
You are immune to petrification.
You are immune to rotting.


Message History

The 11-headed hydra is severely wounded.
The 11-headed hydra bites you!
* * * LOW HITPOINT WARNING * * *
The 11-headed hydra bites you.
* * * LOW HITPOINT WARNING * * *
The 11-headed hydra barely misses you. The 11-headed hydra closely misses you.
The 11-headed hydra bites you but does no damage. x6
The 11-headed hydra closely misses you.
You slice one of the 11-headed hydra's heads off!
The ten-headed hydra grows two more!
You slice the 12-headed hydra!!
There is a sudden explosion of sparks!
The 12-headed hydra is almost dead.
The 12-headed hydra bites you but does no damage. x2
The 12-headed hydra bites you.
* * * LOW HITPOINT WARNING * * *
The 12-headed hydra bites you but does no damage. x3
The 12-headed hydra barely misses you. The 12-headed hydra bites you.
* * * LOW HITPOINT WARNING * * *
The 12-headed hydra bites you.
You die...

#.#........###...##.#
........>....###..#####
......####..###...# #.
####..# #..###...#####
##.# #..##.#....... ##..
#............. #..#
#.............
.#####.####....##.......
....((D@.......#........
((.(..........###.......
..............###.......
.####..#.##.............
#...###.......(.....
##..####.............
#...##P#.............
##...................
..####...................


You could see a 12-headed hydra.

Vanquished Creatures
  A two-headed ogre (D:8)
  The ghost of Potsanchik the Carver, a novice TeGl of Uskayaw (D:8)
  An elephant (D:8)
  Joseph (Lair:1)
  A spiny frog (Lair:1)
  Prince Ribbit (D:7)
  3 hippogriffs
  A yak (D:8)
  A wyvern (D:8)
  A basilisk (D:8)
  Menkaure (D:6)
  2 porcupines
  A water moccasin (Lair:1)
  2 ice beasts
  A hornet zombie (Ossuary)
  An orc warrior (D:8)
  A sky beast (D:5)
  A phantom (D:8)
  2 centaurs
  2 ogres
  A crocodile (D:8)
  Blork the orc (D:5)
  4 bullfrogs
  A scorpion (D:6)
  2 howler monkeys (D:7)
  A crimson imp (D:6)
  3 bullfrog zombies (Ossuary)
  2 centaur zombies (Ossuary)
  A quasit (D:8)
  Crazy Yiuf (D:4)
  A centaur skeleton (D:4)
  4 hounds
  3 orc priests
  2 bullfrog skeletons
  2 iguanas
  7 orc wizards
  3 worker ants
  Terence (D:2)
  3 killer bee zombies (Ossuary)
  14 mummies (Ossuary)
  4 hound zombies (Ossuary)
  2 worker ant zombies
  A howler monkey zombie (Ossuary)
  Robin (D:2)
  4 gnolls (D:6)
  A howler monkey skeleton (D:4)
  15 adders
  A shadow imp (D:6)
  2 oozes
  3 adder zombies
  2 adder skeletons
  4 worms
  2 dart slugs
  2 leopard geckos
  23 orcs
  9 bats
  6 giant cockroaches
  21 goblins
  10 hobgoblins
  11 jackals
  7 kobolds
  3 quokkas
  3 ball pythons
  10 frilled lizards
  A giant cockroach zombie (Ossuary)
  3 jackal skeletons
  A leopard gecko zombie (Ossuary)
  A quokka zombie (Ossuary)
  12 rats
  A fungus (D:8)
249 creatures vanquished.

Vanquished Creatures (collateral kills)
  Sigmund (D:6)
  An orc warrior (D:6)
  An orc wizard (D:6)
  2 orcs (D:6)
5 creatures vanquished.

Vanquished Creatures (others)
  A fungus (Lair:1)
  3 withered plants (Ossuary)
4 creatures vanquished.

Grand Total: 258 creatures vanquished

Notes
Turn   | Place    | Note
-------+----------+-------------------------------------------
     0 | D:1      | nikopol the Gargoyle Berserker began the quest for the Orb.
     0 | D:1      | Reached XP level 1. HP: 14/14 MP: 1/1
   115 | D:1      | Reached XP level 2. HP: 15/19 MP: 2/2
   877 | D:1      | Reached XP level 3. HP: 18/23 MP: 3/3
   919 | D:1      | Reached ** piety under Trog
  1405 | D:2      | Noticed Terence
  1410 | D:2      | Killed Terence
  1410 | D:2      | Reached XP level 4. HP: 29/29 MP: 4/4
  1557 | D:2      | Noticed Robin
  1577 | D:2      | Killed Robin
  1670 | D:2      | Reached *** piety under Trog
  1820 | D:2      | Reached XP level 5. HP: 30/33 MP: 5/5
  2551 | D:3      | Reached XP level 6. HP: 16/39 MP: 6/6
  3040 | D:3      | Reached **** piety under Trog
  3291 | D:3      | Found an iron altar of Okawaru.
  3335 | D:3      | Found a snail-covered altar of Cheibriados.
  3583 | D:4      | Found Zetacher's Assorted Antiques.
  4006 | D:4      | Reached skill level 5 in Fighting
  4041 | D:4      | Found a deep blue altar of Sif Muna.
  4200 | D:4      | Reached XP level 7. HP: 39/44 MP: 7/7
  4690 | D:4      | Found a runed door.
  4694 | D:4      | Noticed Crazy Yiuf
  4705 | D:4      | Killed Crazy Yiuf
  4829 | D:5      | Entered Level 5 of the Dungeon
  4906 | D:5      | Noticed Blork the orc
  4919 | D:5      | Killed Blork the orc
  4976 | D:5      | Found a staircase to the Ecumenical Temple.
  5231 | D:5      | Found a sand-covered staircase.
  5236 | Ossuary  | Entered an ossuary
  5251 | Ossuary  | Reached skill level 5 in Axes
  5260 | Ossuary  | Reached skill level 5 in Armour
  5261 | Ossuary  | Reached XP level 8. HP: 33/51 MP: 8/8
  6094 | D:5      | Reached ***** piety under Trog
  6304 | D:5      | Found a burning altar of Makhleb.
  6490 | D:6      | Found a bloodstained altar of Trog.
  6502 | D:6      | Reached XP level 9. HP: 46/56 MP: 9/9
  6580 | D:6      | Reached skill level 1 in Bows
  6596 | D:6      | Noticed Menkaure
  6606 | D:6      | Killed Menkaure
  6608 | D:6      | Noticed Sigmund
  6620 | D:6      | Killed Sigmund
  6874 | D:6      | Reached skill level 5 in Dodging
  7353 | D:7      | Noticed Prince Ribbit
  7366 | D:7      | Killed Prince Ribbit
  7792 | D:7      | Found a bloodstained altar of Trog.
  7800 | D:7      | Found a basalt altar of Yredelemnul.
  7803 | D:7      | Found a shattered altar of Ashenzari.
  8362 | D:8      | Found a staircase to the Lair.
  8362 | D:8      | Noticed an elephant
  8378 | D:8      | Killed an elephant
  8378 | D:8      | Reached XP level 10. HP: 24/64 MP: 10/10
  9020 | D:8      | Received a gift from Trog
  9087 | D:8      | Found a shadowy altar of Dithmenos.
  9169 | D:8      | Noticed a two-headed ogre
  9177 | D:8      | Killed a two-headed ogre
  9281 | D:8      | Noticed Potsanchik's ghost (novice TeGl)
  9289 | D:8      | Killed Potsanchik's ghost
  9289 | D:8      | Reached skill level 5 in Bows
  9405 | D:8      | Found Emebb's Book Boutique.
  9692 | Lair:1   | Entered Level 1 of the Lair of Beasts
  9841 | Lair:1   | Noticed Joseph
  9862 | Lair:1   | Noticed a spiny frog
  9890 | Lair:1   | Killed a spiny frog
  9898 | Lair:1   | Killed Joseph
  9898 | Lair:1   | Reached XP level 11. HP: 69/69 MP: 11/11
 10187 | Lair:1   | Noticed an eight-headed hydra
 10201 | Lair:1   | HP: 4/103 [12-headed hydra (5)]
 10201 | Lair:1   | HP: 1/103 [12-headed hydra (3)]
 10201 | Lair:1   | Slain by a 12-headed hydra

Vault maps used:
D:1:      sevenhm_arrival_forest_fort_small_5, hangedman_abyss_or_decor_stabs,
          serial_bayou_pond_a, minmay_tetromino_t2
D:2:      first_bread, uniq_robin, uniq_terence
D:3:      minitemple
D:4:      minmay_diamond_boxcup, kennysheep_little_box, serial_shops, shop,
          uniq_crazy_yiuf_cottage
D:5:      lemuel_doored_altar, lightli_ossuary_entry_decrepit_ruins,
          minmay_misc_feat_rows, corexii_item_surrounded_by_moat,
          lemuel_another_geyser, uniq_blork_the_orc
D:6:      basic_altar, uniq_menkaure, uniq_sigmund
D:7:      minmay_overflow_temple_star_quad, uniq_prince_ribbit1
D:8:      kennysheep_mini, david_lair_generic, serial_shops,
          kennysheep_mini_moat
Lair:1:   uniq_joseph
Ossuary:  ossuary_zaba_flooded

Skill      XL: |  1  2  3  4  5  6  7  8  9 10 |
---------------+-------------------------------+-----
Axes           | 3 4 5 7 8 |  8.5
Armour         | 3 4 5 6 7 8 |  8.2
Dodging        | 2 3 4 5 6 |  6.2
Fighting       | 4 5 6 7 8 |  8.6
Bows           | 4 6 |  6.4

Action                   |  1- 3 |  4- 6 |  7- 9 | 10-12 || total
-------------------------+-------+-------+-------+-------++-------
Melee: Hand axe          |   126 |   328 |    73 |       ||   527
       Battleaxe         |       |       |   237 |    19 ||   256
       Unarmed           |       |       |    14 |       ||    14
       Broad axe         |       |       |       |    63 ||    63
 Fire: Shortbow          |       |       |    91 |    66 ||   157
Invok: Berserk           |     1 |       |     5 |     4 ||    10
       Trog's Hand       |       |       |     1 |       ||     1
       Brothers in Arms  |       |       |     1 |       ||     1
       Burn Spellbooks   |       |       |       |     1 ||     1
  Use: Scroll            |       |       |     8 |       ||     8
 Stab: Sleeping          |     1 |       |       |       ||     1
       Confused          |       |       |     1 |       ||     1
  Eat: Chunk             |     2 |    10 |    17 |    10 ||    39
       Fruit             |       |       |     1 |       ||     1
Armor: Animal skin       |    44 |       |       |       ||    44
       Chain mail        |       |   269 |   254 |   102 ||   625
       Skin              |       |       |     2 |       ||     2
Dodge: Dodged            |    79 |   171 |   173 |    64 ||   487
